 Dungeon Crawl Stone Soup version 0.30.1-9-gdf580d7c3d (webtiles) character file.

Game seed: 3756141178291648532

224 Danienth the Sneak (level 5, -10/26 HPs)
             Began as a Spriggan Enchanter on Oct 4, 2023.
             Was an Initiate of Okawaru.
             Killed from afar by a white imp (12 damage)
             ... with a puff of frost
             ... on level 4 of the Dungeon.
             The game lasted 00:18:13 (3437 turns).

Danienth the Sneak (Spriggan Enchanter)             Turns: 3437, Time: 00:18:13

Health: -10/26     AC:  2    Str:  6      XL:     5   Next: 67%
Magic:  10/10      EV: 16    Int: 17      God:    Okawaru [......]
Gold:   81         SH:  3    Dex: 11 (15) Spells: 0/9 levels left

rFire   . . .        d - +1 rapier (drain)
rCold   . . .        r - +0 buckler
rNeg    . . .        b - +0 robe
rPois   .            (helmet restricted)
rElec   .            (no cloak)
rCorr   .            (gloves unavailable)
SInv    +            (boots unavailable)
Will    .....        (no amulet)
Stlth   +++          (no ring)
HPRegen 0.24/turn    (no ring)
MPRegen 0.12/turn

%: no passive effects
@: mighty, very quick
A: very small, no large weapons, unfitting armour, see invisible, speed 3
a: Renounce Religion


You were on level 4 of the Dungeon.
You worshipped Okawaru.
Okawaru was noncommittal.
You visited 1 branch of the dungeon, and saw 4 of its levels.

You collected 237 gold pieces.
You spent 156 gold pieces at shops.

Inventory:

Hand Weapons
 a - a +1 dagger
 d - a +1 rapier of draining (weapon)
 h - a +3 short sword
Missiles
 g - 65 stones (quivered)
Armour
 b - a +0 robe (worn)
 r - a +0 buckler (worn)
Scrolls
 f - a scroll of amnesia
 i - a scroll of enchant weapon {unknown}
 j - a scroll of identify
 l - 5 scrolls of teleportation
 s - a scroll of silence {unknown}
 u - a scroll of enchant armour {unknown}
 w - a scroll of noise {unknown}
Potions
 c - a potion of invisibility
 e - 2 potions of mutation
 k - a potion of might
 n - a potion of heal wounds {unknown}
 o - 3 potions of haste {unknown}
 q - a potion of curing {unknown}
 t - a potion of flight {unknown}
 v - a potion of ambrosia {unknown}
 x - a potion of lignification {unknown}


   Skills:
 * Level 1.8 Fighting
 * Level 4.6 Short Blades
 - Level 3.9 Dodging
 - Level 4.7 Stealth
 * Level 0.5 Shields
 - Level 2.6 Spellcasting
 - Level 3.6 Hexes


You couldn't memorise any spells.
You knew the following spells:

 Your Spells              Type           Power      Damage    Failure   Level
a - Ensorcelled Hibernat  Hex/Ice        16%        N/A       22%         2
b - Confusing Touch       Hex            14%        N/A       22%         3
c - Inner Flame           Hex/Fire       8%         N/A       41%         3
d - Summon Small Mammal   Summ           8%         N/A       30%         1

Your spell library contained the following spells:

 Spells                   Type           Power      Damage    Failure   Level
 Apportation              Tloc           4%         N/A       30%         1
 Necrotise                Necr           8%         1d4       30%         1
 Shock                    Conj/Air       8%         1d3       30%         1
 Dazzling Flash           Conj/Hex       16%        N/A       41%         3
 Portal Projectile        Hex/Tloc       16%        N/A       41%         3
 Sublimation of Blood     Necr           2%         N/A       43%         2
 Wereblood                Tmut           2%         N/A       43%         2
 Vhi's Electric Charge    Tloc/Air       4%         N/A       67%         3
 Leda's Liquefaction      Hex/Erth       4%         N/A       83%         4
 Airstrike                Air            1%         2d(1-17)  97%         4
 Flame Wave               Conj/Fire      2%         2d4       97%         4
 Petrify                  Tmut/Erth      2%         N/A       97%         4
 Sticky Flame             Conj/Fire      2%         2d3       97%         4
 Yara's Violent Unravell  Hex/Tmut       4%         3d4       99%         5
 Arcjolt                  Conj/Air       1%         1d11      100%        5
 Irradiate                Conj/Tmut      1%         3d12      100%        5
 Enfeeble                 Hex            7%         N/A       100%        7
 Storm Form               Tmut/Air       1%         N/A       100%        7
 Maxwell's Capacitive Co  Air            1%         ∞         100%        8
 Tukima's Dance           Hex            Unusable   N/A       N/A         3
 Call Canine Familiar     Summ           Unusable   N/A       N/A         3
 Summon Hydra             Summ           Unusable   N/A       N/A         7

Dungeon Overview and Level Annotations

Branches:
Dungeon (4/15)
 Temple: D:4-7

Altars:
Nemelex Xobeh
Okawaru
Qazlal

Shops:
D:3 =!**


Innate Abilities, Weirdness & Mutations

You are very small and have problems with some larger weapons.
You are too small for most types of armour.
You have supernaturally acute eyesight. (SInv)
You cover ground extremely quickly. (Speed+++)


Message History

The quasit closely misses you.
Hit: d) +1 rapier (drain)
Press: ? - help, Dir - move target, f/p - quasit
Aim: a quasit (heavily wounded, about 63% to evade your +1 rapier of draining)
You hit the quasit.
The quasit is almost dead.
The quasit completely misses you. You block the quasit's attack.
The quasit misses you.
Hit: d) +1 rapier (drain)
Press: ? - help, Dir - move target, f/p - quasit
Aim: a quasit (almost dead, about 63% to evade your +1 rapier of draining)
You puncture the quasit!
You kill the quasit!
Okawaru accepts your kill.
Hit: d) +1 rapier (drain)
Press: ? - help, Dir - move target, f - white imp
Aim: a white imp (about 38% to evade your +1 rapier of draining)
You barely miss the white imp. The white imp hits you.
The white imp freezes you.
* * * LOW HITPOINT WARNING * * *
Unknown command.
Hit: d) +1 rapier (drain)
Press: ? - help, Dir - move target, f/p - white imp
Aim: a white imp (about 38% to evade your +1 rapier of draining)
You hit the white imp.
The white imp is moderately wounded.
The white imp shouts, "Escape, thou odious unchin-snouted creepsneak!"
The white imp hits you.
* * * LOW HITPOINT WARNING * * *
The white imp freezes you.
* * * LOW HITPOINT WARNING * * *
Hit: d) +1 rapier (drain)
Press: ? - help, Dir - move target, f/p - white imp
Aim: a white imp (moderately wounded, about 38% to evade your +1 rapier of draining)
You closely miss the white imp.
The white imp is moderately wounded.
The white imp shouts, "Slither away, thou puny ditch-delivered fleecer!"
The white imp gestures at you. The puff of frost hits you!
You die...

~.# ####.##....#.♣.♣
#~≈≈≈~..................
~~w≈~...##.###....♣.♣.♣
≈≈≈~.........#......_.
~~.#####.##.#...♣.♣.♣ #..
#.##.#.#...... #..
#.##.#.#.#.♣.♣
.####..#####.##..........
......55@....####.##.####
#####..####### #.##. #..
# #.. 5♣P ...5 ## P. ..


You could see 2 white imps.

Vanquished Creatures
  A quasit (D:4)
  An orc priest (D:4)
  8 adders
  3 worms
  5 dart slugs
  7 bats
  2 endoplasms
  4 giant cockroaches
  6 goblins
  5 hobgoblins
  3 quokkas
  8 ball pythons
  4 frilled lizards
  8 kobolds
  22 rats
87 creatures vanquished.

Notes
Turn   | Place    | Note
-------+----------+-------------------------------------------
     0 | D:1      | Danienth the Spriggan Enchanter began the quest for the
                  | Orb.
     0 | D:1      | Reached XP level 1. HP: 9/9 MP: 5/5
   247 | D:1      | Reached XP level 2. HP: 13/13 MP: 6/6
   381 | D:1      | Learned a level 2 spell: Ensorcelled Hibernation
   731 | D:1      | Found a faded altar of an unknown god.
   944 | D:2      | Reached XP level 3. HP: 17/17 MP: 8/8
   961 | D:2      | Reached skill level 1 in Fighting
   983 | D:2      | Found a stormy altar of Qazlal.
  1040 | D:2      | Identified a scroll of acquirement
  1040 | D:2      | Acquired a +1 rapier of draining
  1245 | D:2      | Got the Information on Clouds
  1776 | D:2      | Reached XP level 4. HP: 9/22 MP: 9/9
  2038 | D:2      | Learned a level 3 spell: Confusing Touch
  2042 | D:2      | Learned a level 3 spell: Inner Flame
  2482 | D:3      | Found Doureil's Assorted Antiques.
  2492 | D:3      | Bought an emerald potion for 19 gold pieces
  2492 | D:3      | Bought an orange potion for 19 gold pieces
  2492 | D:3      | Bought a metallic purple potion for 19 gold pieces
  2492 | D:3      | Bought a buckler for 99 gold pieces
  2525 | D:3      | Found Haklaeh's General Store.
  2686 | D:3      | Found a sparkling altar of Nemelex Xobeh.
  2686 | D:3      | Found a transporter.
  2687 | D:3      | Noticed a centaur
  2916 | D:3      | Found Xotiwuwiew's Jewellery Boutique.
  3030 | D:3      | Reached XP level 5. HP: 18/25 MP: 10/10
  3058 | D:3      | Learned a level 1 spell: Summon Small Mammal
  3068 | D:3      | Found Fiselat's Distillery.
  3331 | D:4      | Noticed an ogre
  3385 | D:4      | Found an iron altar of Okawaru.
  3388 | D:4      | Became a worshipper of Warmaster Okawaru
  3436 | D:4      | HP: 1/26 [white imp (3)]
  3437 | D:4      | Killed from afar by a white imp

Illustrated notes

Levels and vault maps discovered:
D:1:      roderic_crossed_star, layout_loops_ring,
          shapermc_ecumenical_altar_mp_urbaneastern,
          nicolae_concentric_dashed_squares_mild
D:2:      layout_basic, basic_altar, minmay_joined_circles
D:3:      layout_loops_cross, grunt_nemelex_the_gamble, serial_shops,
          nicolae_shop_peninsula, nicolae_shop_stone, nicolae_shop_gaudy_bauble,
          shop, minmay_rat_hole
D:4:      layout_loops_ring, kennysheep_slug_shrine, general_overflow_altar,
          okawaru_trees_1, serial_demonic, serial_demonic_e, serial_demonic_d,
          serial_demonic_g, serial_demonic_e, minivault_1

Skill      XL: |  1  2  3  4  5 |
---------------+----------------+-----
Dodging        | 3 |  3.9
Short Blades   | 2 3 4 |  4.6
Fighting       | 1 |  1.8
Stealth        | |  4.7
Shields        | |  0.5
Spellcasting   | |  2.6
Hexes          | |  3.6

Action                     |  1- 3 |  4- 6 || total
---------------------------+-------+-------++-------
  Melee: Dagger            |    13 |       ||    13
         Short sword       |    79 |   133 ||   212
         Rapier            |       |    15 ||    15
  Throw: Stone             |       |     3 ||     3
    Use: Scroll            |     4 |     4 ||     8
         Potion            |       |     3 ||     3
   Stab: Sleeping          |    11 |     9 ||    20
         Invisible         |       |     4 ||     4
 Armour: Robe              |     7 |    24 ||    31
  Dodge: Dodged            |    45 |   114 ||   159
  Block: Buckler           |       |    20 ||    20
